Map: Kairos Junction LE

Players

TIME (Oliveira) - Winner!

  • Race: Terran Terran
  • Spawn Location: 5:00

DisK

  • Race: Protoss Protoss
  • Spawn Location: 11:00

Event: 2019 WCS Winter Americas

VOD

Have the link to the VOD?

Description

Time

  • Played on: Feb. 7, 2019, 12:35 p.m.
  • Length: 13:12

All games in this series

Show
View Real Time Build Order
Export as new Build Order

TIME Terran - Winner!

Build Orders:  

Get SALT Encoding   

  12  0:00  SCV  
  13  0:13  SCV  
  14  0:17  Supply Depot  
  14  0:25  SCV  
  15  0:39  SCV  
  15  0:40  Barracks  
  16  0:44  Refinery  
  16  0:51  SCV  
  17  1:03  SCV  
  18  1:15  SCV  
  19  1:28  Orbital Command, Marine  
  20  1:41  Command Center  
  20  1:46  Barracks Reactor  
  20  1:54  SCV  
  20  1:56  Supply Depot  
  21  2:06  SCV  
  22  2:11  Factory  
  22  2:18  SCV  
  23  2:23  Marine x2  
  23  2:24  Refinery  
  25  2:30  SCV  
  25  2:36  Barracks  
  26  2:42  SCV, Marine  
  27  2:44  Reaper  
  28  2:54  Orbital Command  
  28  2:57  Factory Tech Lab  
  28  3:00  SCV  
  28  3:02  Marine  
  30  3:15  Cyclone  
  30  3:19  Marine  
  34  3:21  SCV x2  
  34  3:24  Barracks Tech Lab  
  36  3:33  SCV x2  
  38  3:35  Supply Depot  
  38  3:39  Marine  
  39  3:43  Stimpack, Marine  
  39  3:45  SCV x2  
  41  3:49  Cyclone  
  44  3:57  SCV, Marine  
  44  3:58  SCV  
  44  3:59  Supply Depot  
  44  4:00  Marine  
  48  4:07  Starport  
  48  4:09  SCV  
  49  4:10  SCV  
  49  4:12  Marine  
  49  4:14  Marine  
  49  4:17  Supply Depot  
  52  4:21  SCV  
  52  4:22  SCV  
  54  4:26  Siege Tank  
  54  4:27  Marine  
  58  4:32  Marine  
  58  4:33  SCV  
  58  4:34  SCV, Marine  
  62  4:41  Supply Depot  
  62  4:44  Medivac  
  62  4:45  SCV, Marine  
  65  4:47  SCV  
  65  4:49  Engineering Bay  
  65  4:50  Marine  
  68  4:56  Barracks  
  68  4:57  Refinery, Marine  
  70  5:00  SCV  
  70  5:03  Marine  
  70  5:06  SCV  
  72  5:07  Marine  
  72  5:12  SCV  
  72  5:13  Supply Depot  
  74  5:14  Marine  
  74  5:19  SCV  
  74  5:21  Marine  
  76  5:22  Starport Reactor  
  76  5:24  SCV  
  76  5:25  Marine  
  78  5:30  Factory Tech Lab  
  78  5:31  Terran Infantry Weapons Level 1  
  78  5:34  SCV  
  78  5:35  Supply Depot  
  79  5:36  SCV, Marine  
  81  5:44  Combat Shield  
  81  5:46  SCV  
  81  5:48  SCV, Marine  
  71  5:52  Siege Tank  
  71  5:53  Marine  
  74  5:59  SCV  
  76  6:04  SCV  
  68  6:11  Marine x2  
  68  6:12  Marauder, Marine  
  68  6:16  SCV  
  68  6:17  Command Center  
  73  6:22  Liberator  
  73  6:26  Refinery  
  73  6:27  Siege Tank  
  73  6:28  Barracks x2  
  73  6:29  Marine x2  
  73  6:30  Marauder  
  80  6:36  Medivac  
  80  6:37  Marine  
  83  6:46  Supply Depot  
  83  6:47  Missile Turret, Marine  
  86  6:48  Marine, Supply Depot  
  86  6:51  Marauder  
  91  6:54  SCV x2, Marine  
  91  6:58  Concussive Shells  
  93  7:04  Marine  
  93  7:05  Factory Reactor  
  93  7:08  SCV  
  95  7:11  Medivac  
  95  7:13  Marauder, Marine  
  99  7:18  Barracks Reactor  
  99  7:19  Marine  
  99  7:22  Viking, Marine  
  100  7:23  SCV  
  100  7:24  SCV  
  100  7:27  Marine  
  106  7:31  Marine  
  106  7:34  Marauder  
  106  7:36  SCV x2  
  111  7:37  Marauder  
  111  7:40  Marine  
  114  7:44  Terran Infantry Armor Level 1  
  114  7:45  Marauder  
  114  7:48  SCV, Widow Mine x2  
  114  7:49  Marine  
  114  7:51  Medivac  
  124  7:54  Marine  
  124  7:55  Supply Depot x2  
  125  7:59  SCV, Marine  
  125  8:00  Marine  
  125  8:01  Marauder  
  114  8:06  Marauder  
  114  8:07  Marine x2  
  113  8:13  Marine  
  113  8:15  SCV, Starport  
  113  8:17  Marine  
  113  8:18  Marauder, Orbital Command  
  118  8:23  Marauder  
  118  8:24  Marine  
  118  8:25  Marine  
  118  8:26  Viking  
  124  8:28  Marauder, Viking  
  124  8:30  Marine  
  129  8:35  Marine  
  129  8:38  Refinery x2  
  129  8:39  Marine, Supply Depot  
  131  8:41  SCV x2  
  131  8:46  Marine x2  
  131  8:47  Marauder  
  138  8:48  SCV  
  138  8:53  Marine  
  138  8:54  Marauder  
  138  8:57  Viking  
  138  9:00  Viking x2  
  141  9:17  Marauder x2, Marine x3  
  123  9:18  Viking  
  123  9:19  Marine  
  124  9:27  Viking  
  124  9:30  Viking  
  124  9:31  Factory Tech Lab  
  126  9:32  Viking, Command Center  
  126  9:37  Marine  
  131  9:40  Marine x3  
  131  9:41  Marauder x2  
  136  9:46  Armory, Engineering Bay  
  136  9:48  Marine  
  136  9:49  Supply Depot  
  133  9:54  Marine  
  133  9:56  SCV  
  133  9:59  SCV, Marine x2  
  130  10:02  Marauder, Viking x2  
  130  10:04  Marine  
  130  10:05  Marine  
  130  10:06  Marine  
  121  10:08  SCV  
  121  10:09  SCV  
  121  10:11  SCV  
  121  10:12  Marine  
  125  10:17  Marine x2  
  125  10:18  Medivac  
  125  10:20  SCV, Widow Mine  
  132  10:21  Marine  
  132  10:23  Viking, Marauder  
  132  10:24  Marine  
  138  10:31  Liberator, Marine  
  138  10:32  Marauder  
  138  10:35  Terran Infantry Weapons Level 2, Terran Infantry Armor Level 2, Marine  
  142  10:40  Liberator  
  142  10:42  Marauder  
  144  10:43  Supply Depot  
  144  10:44  SCV x3  
  144  10:48  Marine x2  
  152  10:51  Marine x2  
  152  10:52  Marine  
  152  10:56  SCV, Liberator  
  156  10:59  Marine  
  156  11:03  Liberator, Marine  
  160  11:06  Marine x2  
  160  11:10  Marauder  
  160  11:19  Liberator  
  160  11:23  Marauder, Marine x2  
  164  11:29  Planetary Fortress, Liberator  
  164  11:32  SCV, Ghost Academy  
  162  11:34  SCV  
  162  11:37  Marine  
  170  11:51  Supply Depot x2  
  170  11:54  Marine x2  
  170  11:55  Marauder  
  174  12:02  Liberator  
  169  12:17  Ghost x3  
  169  12:19  Marine x2  
  177  12:26  SCV  
  168  12:32  Marine  
  168  12:36  SCV  
  161  12:43  SCV x2  
  161  12:44  Marine x2  
  154  12:46  Marauder, Command Center  
  154  12:47  Marauder  
  162  12:53  Marine  
  162  12:56  SCV  
  162  12:58  SCV  
Show
View Real Time Build Order
Export as new Build Order

DisK Protoss 

Build Orders: 1 Gate Expand, Phoenix Opening, Colossus Rush 

Get SALT Encoding   

  12  0:02  Probe  
  13  0:14  Probe  
  13  0:20  Pylon  
  14  0:26  Probe  
  15  0:35  Probe  
  15  0:39  Gateway  
  16  0:43  Probe  
  16  0:49  Assimilator  
  17  0:53  Probe  
  18  1:05  Probe  
  19  1:23  Nexus  
  19  1:30  Cybernetics Core  
  19  1:33  Probe  
  19  1:38  Assimilator  
  20  1:45  Probe  
  21  1:48  Pylon  
  21  1:57  Probe, Adept  
  24  2:09  Warp Gate, Probe  
  25  2:22  Probe  
  26  2:27  Sentry  
  28  2:37  Probe x2  
  30  2:45  Twilight Council, Probe x2  
  32  2:53  Stalker, Probe  
  32  2:54  Probe  
  36  3:01  Phoenix  
  36  3:04  Probe x2  
  36  3:05  Gateway  
  36  3:08  Charge  
  38  3:13  Gateway  
  38  3:18  Probe  
  38  3:19  Probe  
  40  3:30  Probe  
  40  3:31  Probe, Pylon  
  42  3:42  Probe  
  42  3:43  Probe  
  42  3:46  Robotics Facility  
  44  3:54  Probe  
  44  3:55  Probe  
  46  3:59  Zealot x2  
  46  4:00  Assimilator  
  50  4:04  Assimilator  
  50  4:06  Probe  
  50  4:07  Probe  
  52  4:11  Pylon  
  52  4:12  Pylon  
  52  4:18  Probe  
  52  4:19  Probe  
  54  4:29  Zealot x2, Observer  
  54  4:30  Zealot  
  54  4:31  Probe x2  
  61  4:35  Robotics Bay  
  63  4:43  Probe x2  
  63  4:45  Pylon  
  65  4:49  Observer, Pylon  
  66  4:57  Nexus  
  66  4:59  Pylon  
  66  5:05  Stalker  
  68  5:08  Stalker  
  68  5:09  Probe  
  68  5:10  Probe  
  72  5:16  Pylon  
  72  5:25  Zealot  
  72  5:26  Colossus  
  74  5:29  Zealot  
  74  5:32  Probe x2  
  74  5:34  Zealot  
  72  5:51  Zealot  
  72  5:52  Zealot, Extended Thermal Lance  
  72  5:55  Zealot, Gateway  
  72  5:57  Gateway  
  72  6:03  Probe  
  71  6:05  Colossus  
  71  6:09  Blink  
  65  6:13  Zealot x2  
  65  6:15  Probe  
  65  6:17  Zealot  
  72  6:24  Gateway  
  78  6:30  Probe x2  
  80  6:40  Pylon  
  80  6:43  Probe x2  
  80  6:44  Probe  
  80  6:45  Sentry x3  
  89  6:51  Pylon  
  89  6:52  Forge  
  89  6:55  Probe x2  
  89  6:56  Probe  
  89  6:57  Stalker  
  89  6:59  Stalker  
  96  7:06  Protoss Ground Weapons Level 1  
  95  7:08  Zealot  
  95  7:10  Zealot  
  95  7:13  Probe x3  
  102  7:15  Observer  
  102  7:18  Assimilator  
  102  7:19  Assimilator  
  102  7:20  Sentry  
  102  7:21  Sentry x2  
  108  7:25  Probe x3  
  108  7:29  Colossus  
  111  7:32  Stalker x3  
  116  7:37  Probe  
  123  7:45  Zealot x2  
  123  7:47  Zealot  
  123  7:50  Pylon  
  129  7:55  Zealot x2  
  113  8:07  Zealot x4  
  107  8:14  Colossus  
  107  8:17  Stalker x2  
  107  8:19  Probe x2  
  112  8:24  Probe  
  119  8:28  Stalker, Sentry  
  119  8:29  Sentry  
  119  8:31  Probe  
  126  8:39  Sentry  
  126  8:41  Stalker x2  
  132  8:55  Stalker x2  
  132  8:56  Stalker  
  134  9:10  Nexus  
  134  9:11  Observer  
  134  9:12  Pylon  
  134  9:14  Zealot x3  
  127  9:24  Zealot x3  
  131  9:25  Colossus  
  131  9:27  Pylon  
  131  9:31  Assimilator, Gateway, Templar Archives  
  131  9:33  Assimilator  
  131  9:34  Gateway  
  137  9:40  Zealot x2  
  141  9:46  Pylon  
  141  9:47  Zealot x4  
  101  10:10  Stalker  
  101  10:11  Stalker x5, Disruptor  
  95  10:17  Psionic Storm  
  95  10:18  Probe x3  
  98  10:26  Sentry  
  103  10:34  Zealot x2  
  103  10:35  Zealot  
  109  10:37  Stalker x2  
  109  10:41  Disruptor  
  116  10:51  Robotics Facility  
  116  10:52  High Templar  
  116  10:55  Stalker  
  120  10:57  Stalker  
  120  10:58  Zealot x3  
  128  11:07  Stalker x2  
  131  11:19  Disruptor  
  131  11:23  Stalker  
  131  11:24  Stalker x4  
  133  11:30  Disruptor  
  127  11:43  Nexus  
  127  11:45  Zealot x2  
  133  11:52  Pylon  
  133  11:56  Pylon  
  133  12:08  Stalker  
  124  12:16  Zealot  
  124  12:17  Zealot x6  
  96  12:40  Zealot x2  
  96  12:41  Zealot  
  96  12:42  Zealot x7  
  96  12:43  Zealot  
  84  13:01  Stalker x3  
Tags
 
Add a new tag
Caveats
  • Supply blocks, unpowered buildings, or Contaminate may cause inaccurate times.
  • Supply counts are checked every 10 seconds.